Avalanche vs Blues
(R2)
Created - 24 mai 2016 at 20:17
Goals
|
Avalanche |
0 |
1 |
1 |
2 |
Blues |
1 |
3 |
1 |
5 |
|
Shots
|
Avalanche |
8 |
9 |
11 |
28 |
Blues |
7 |
13 |
10 |
30 |
|
1st period
1. Blues , Darren Reid 2 (Jake Gardiner, Drew Fata) at 16:33
Penalties :
Alex Pietrangelo (STL) for Tripping (Minor) at 12:09, Bryan Little (Col) for Delaying the game (Minor) at 17:13
2nd period
2. Blues , Alex Pietrangelo 11 (Nicklas Backstrom, Guillaume Latendresse) at 1:19 (SH)
3. Avalanche , Ryan Getzlaf 7 (Corey Perry, Jack Johnson) at 3:07
4. Blues , Guillaume Latendresse 6 (Drew Fata, Nicklas Backstrom) at 3:57
5. Blues , Nik Antropov 6 (Guillaume Latendresse, Ryan Whitney) at 10:09 (PP)
Penalties :
Travis Zajac (STL) for Hooking (Minor) at 0:07, Jason Pominville (Col) for High sticking (Minor) at 4:07, Nicklas Backstrom (STL) for Holding (Minor) at 7:02, Corey Perry (Col) for Tripping (Minor) at 7:16, Ryan Getzlaf (Col) for Holding (Minor) at 8:17, Joe Pavelski (STL) for Hooking (Minor) at 11:17, Nik Antropov (STL) for High sticking (Minor) at 14:34
3rd period
6. Blues , David Perron 12 (Travis Zajac) at 2:32 (PP)
7. Avalanche , Jason Pominville 4 (Bryan Little, Ryan Smyth) at 8:48
Penalties :
Jason Pominville (Col) for Hooking (Minor) at 2:26, Bryan Little (Col) for Hooking (Minor) at 9:41, Alex Pietrangelo (STL) for Tripping (Minor) at 13:28
Goalie Stats
Semyon Varlamov (Col), 14 saves from 15 shots - (0,933), 29:51 minutes
Jimmy Howard (Col), 11 saves from 15 shots - (0,733), L, 10-3-0, 30:09 minutes
Tuukka Rask (STL), 26 saves from 28 shots - (0,929), W, 11-6-1, 60:00 minutes
Players Stats for Avalanche
Player Name G A P +/- PIM S H SB GA TA FO MP PP MP PK MP
------------------------------------------------------------------------------------
Andrei Kostitsyn 0 0 0 -1 0 0 1 0 1 0 0/0 19:20 5:35 0:53
Andrew Ladd 0 0 0 0 0 2 1 1 0 0 0/0 11:06 0:04 1:54
Brandon Yip 0 0 0 0 0 1 0 0 0 0 0/0 8:25 0:04 0:00
Bryan Little 0 1 1 0 4 2 0 1 1 0 11/18 16:48 4:30 0:30
Chuck Kobasew 0 0 0 0 0 0 0 0 0 1 0/0 11:54 0:00 3:45
Corey Perry 0 1 1 -1 2 6 1 0 0 0 1/1 18:03 5:34 0:18
Jack Johnson 0 1 1 0 0 2 1 1 1 0 0/0 25:58 5:20 4:47
Jason Pominville 1 0 1 0 4 5 2 0 0 1 1/3 16:38 4:30 0:00
John-Michael Liles 0 0 0 1 0 1 2 0 0 0 0/0 16:01 5:54 0:00
Michal Handzus 0 0 0 0 0 5 1 0 0 0 4/4 10:27 0:00 1:54
Mike Comrie 0 0 0 0 0 1 1 0 0 1 3/9 11:55 0:00 3:46
Mikkel Boedker 0 0 0 0 0 1 0 0 1 0 0/1 10:41 0:04 1:52
Pernell Karl Subban 0 0 0 -1 0 1 1 3 0 1 0/0 24:27 4:15 3:10
Ryan Getzlaf 1 0 1 -1 2 1 6 1 0 1 10/22 18:28 5:35 0:00
Ryan Smyth 0 1 1 0 0 0 1 1 0 0 0/0 16:15 4:30 0:00
Sergei Gonchar 0 0 0 -2 0 0 0 0 0 0 0/0 19:09 4:15 0:00
Shane O'Brien 0 0 0 -1 0 0 1 0 0 1 0/0 19:53 0:34 4:45
Tim Ramholt 0 0 0 1 0 0 1 2 0 1 0/0 14:32 0:00 3:08
Players Stats for Blues
Player Name G A P +/- PIM S H SB GA TA FO MP PP MP PK MP
------------------------------------------------------------------------------------
Alex Pietrangelo 1 0 1 0 4 4 2 1 1 2 0/0 24:05 4:31 2:26
Bryce Lampman 0 0 0 -1 0 0 2 0 2 0 0/0 24:47 0:00 6:11
Darren Reid 1 0 1 1 0 2 2 0 0 0 0/0 15:16 2:49 0:00
David Perron 1 0 1 -1 0 4 0 0 1 0 1/2 19:25 3:56 0:00
Drew Fata 0 2 2 2 0 2 1 0 1 1 0/0 17:44 0:00 3:58
Guillaume Latendresse 1 2 3 2 0 4 1 0 1 0 0/0 15:18 0:26 1:43
Jake Gardiner 0 1 1 1 0 1 2 0 0 0 0/0 19:55 4:31 1:31
Joe Pavelski 0 0 0 -1 2 5 2 0 1 0 0/1 18:29 3:36 0:00
Lasse Kukkonen 0 0 0 0 0 0 2 0 0 1 0/0 20:56 2:40 6:11
Lee Stempniak 0 0 0 0 0 0 1 0 0 0 0/0 6:16 0:14 0:00
Nicklas Backstrom 0 2 2 2 2 2 0 0 0 0 7/12 17:59 3:21 2:11
Nik Antropov 1 0 1 0 2 1 0 0 0 0 5/11 13:41 0:26 4:37
Paul Kariya 0 0 0 0 0 0 0 0 0 0 0/0 10:45 2:49 0:00
Ryan Whitney 0 1 1 0 0 0 0 1 0 0 0/0 12:34 2:40 0:01
Sergei Shirokov 0 0 0 0 0 1 0 0 0 0 1/1 11:13 0:00 2:41
Taylor Pyatt 0 0 0 0 0 0 2 0 0 0 0/1 11:14 0:00 5:45
Travis Zajac 0 1 1 -1 2 2 2 1 0 0 14/30 20:11 3:56 0:40
Tyler Arnason 0 0 0 0 0 2 1 0 0 0 0/0 8:11 0:00 2:41
3 Stars
1 - Guillaume Latendresse (STL)
2 - Drew Fata (STL)
3 - Darren Reid (STL)
Power Play
Avalanche - 0 on 7 Attempt(s) - 0,00%
Blues - 2 on 6 Attempt(s) - 33,33%
Penalty Kill
Avalanche - 4 on 6 Attempt(s) - 66,67%
- Score 0 goal in Penalty Kill
Blues - 7 on 7 Attempt(s) - 100,00%
- Score 1 goal in Penalty Kill
Team Stat
Avalanche - Hits : 20 - Faceoff Wins : 30 - Blocked Shots : 10 - Penalty Minutes : 12
Blues - Hits : 20 - Faceoff Wins : 28 - Blocked Shots : 3 - Penalty Minutes : 12
Official
Referees : Pollock Kevin and Ciamaga Chris
Linesman : Tim Nowak and Jay Sharrers
Game Notes
10:15 of 1st period - Penalty Shot by Drew Fata for Blues - Stopped by Jimmy Howard
Semyon Varlamov enters game at 10:09 of 2nd period
2:32 of 3rd period - Blues goal is going for a video replay. After video review, Goal.
Finance
Level 1 -- Attendance: 6000 (100,00%) -- Ticket Income 504 000 $
Level 2 -- Attendance: 5000 (100,00%) -- Ticket Income 260 000 $
Level 3 -- Attendance: 2000 (100,00%) -- Ticket Income 60 000 $
Level 4 -- Attendance: 4000 (100,00%) -- Ticket Income 76 000 $
Luxury Box -- Attendance: 1000 (100,00%) -- Ticket Income 169 000 $
Game was played at the Scotttrade center.
Total Attendance: 18000 (100,00%)
Total Ticket Income: 1 069 000 $
Other Income: 160 350 $
Total Income: 1 229 350 $
Avalanche
5 vs 5 Forward
Center Left Wing Right Wing Time % Phy DF OF
1 Ryan Getzlaf Andrei Kostitsyn Corey Perry 35 1 2 2
2 Bryan Little Ryan Smyth Jason Pominville 35 1 2 2
3 Mike Comrie Mikkel Boedker Chuck Kobasew 15 1 2 2
4 Michal Handzus Andrew Ladd Brandon Yip 15 1 2 2
5 vs 5 Defense
Defense Defense Time % Phy DF OF
1 Jack Johnson Pernell Karl Subban 40 1 2 2
2 Shane O'Brien Sergei Gonchar 35 1 2 2
3 John-Michael Liles Tim Ramholt 25 1 2 2
4 Jack Johnson Shane O'Brien 0 1 2 2
PowerPlay Forward
Center Left Wing Right Wing Time % Phy DF OF
1 Ryan Getzlaf Andrei Kostitsyn Corey Perry 60 1 2 2
2 Bryan Little Ryan Smyth Jason Pominville 40 1 2 2
PowerPlay Defense
Defense Defense Time % Phy DF OF
1 Jack Johnson John-Michael Liles 60 1 2 2
2 Pernell Karl Subban Sergei Gonchar 40 1 2 2
Penalty Kill 4 Players Forward
Center Wing Time % Phy DF OF
1 Mike Comrie Chuck Kobasew 60 1 2 2
2 Michal Handzus Andrew Ladd 40 1 2 2
Penalty Kill 4 Players Defense
Defense Defense Time % Phy DF OF
1 Jack Johnson Shane O'Brien 60 1 2 2
2 Pernell Karl Subban Tim Ramholt 40 1 2 2
Penalty Kill - 3 Players Forward
Forward Time % Phy DF OF
1 Ryan Getzlaf 60 1 2 2
2 Jason Pominville 40 1 2 2
Penalty Kill - 3 Players Defense
Defense Defense Time % Phy DF OF
1 Jack Johnson Shane O'Brien 60 1 2 2
2 Pernell Karl Subban Tim Ramholt 40 1 2 2
4 vs 4 Forward
Center Wing Time % Phy DF OF
1 Corey Perry Andrei Kostitsyn 60 1 2 2
2 Jason Pominville Ryan Smyth 40 1 2 2
4 vs 4 Defense
Defense Defense Time % Phy DF OF
1 Jack Johnson Shane O'Brien 60 1 2 2
2 Pernell Karl Subban Sergei Gonchar 40 1 2 2
Last Minutes Offensive
Center Left Wing Right Wing Defense Defense
Ryan Getzlaf Andrei Kostitsyn Corey Perry Jack Johnson Sergei Gonchar
Last Minutes Defensive
Center Left Wing Right Wing Defense Defense
Mike Comrie Ryan Smyth Jason Pominville Jack Johnson Pernell Karl Subban
Goaltenders
Starting : Jimmy Howard
Backup : Semyon Varlamov
Extra Forwards
Normal : Ryan Getzlaf, Andrew Ladd, Mikkel Boedker - PP : Ryan Getzlaf, Andrew Ladd - PK : Mikkel Boedker
Extra Defensemen
Normal : Jack Johnson, Tim Ramholt, Pernell Karl Subban - PP : Jack Johnson - PK : Tim Ramholt, Pernell Karl Subban
Penalty Shots
Corey Perry, Andrei Kostitsyn, Jason Pominville, Ryan Smyth, Mike Comrie
Blues
5 vs 5 Forward
Center Left Wing Right Wing Time % Phy DF OF
1 Travis Zajac David Perron Joe Pavelski 40 1 2 2
2 Nicklas Backstrom Guillaume Latendresse Darren Reid 30 1 2 2
3 Nik Antropov Paul Kariya Sergei Shirokov 20 1 2 2
4 Tyler Arnason Taylor Pyatt Lee Stempniak 10 1 2 2
5 vs 5 Defense
Defense Defense Time % Phy DF OF
1 Bryce Lampman Alex Pietrangelo 40 1 2 2
2 Drew Fata Jake Gardiner 30 1 2 2
3 Lasse Kukkonen Ryan Whitney 20 1 2 2
4 Lasse Kukkonen Ryan Whitney 10 1 2 2
PowerPlay Forward
Center Left Wing Right Wing Time % Phy DF OF
1 Travis Zajac David Perron Joe Pavelski 60 1 2 2
2 Nicklas Backstrom Paul Kariya Darren Reid 40 1 2 2
PowerPlay Defense
Defense Defense Time % Phy DF OF
1 Jake Gardiner Alex Pietrangelo 60 1 2 2
2 Lasse Kukkonen Ryan Whitney 40 1 2 2
Penalty Kill 4 Players Forward
Center Wing Time % Phy DF OF
1 Nik Antropov Taylor Pyatt 60 1 2 2
2 Tyler Arnason Sergei Shirokov 40 1 2 2
Penalty Kill 4 Players Defense
Defense Defense Time % Phy DF OF
1 Bryce Lampman Lasse Kukkonen 60 1 2 2
2 Alex Pietrangelo Drew Fata 40 1 2 2
Penalty Kill - 3 Players Forward
Forward Time % Phy DF OF
1 Taylor Pyatt 60 1 2 2
2 Nik Antropov 40 1 2 2
Penalty Kill - 3 Players Defense
Defense Defense Time % Phy DF OF
1 Bryce Lampman Lasse Kukkonen 60 1 2 2
2 Alex Pietrangelo Drew Fata 40 1 2 2
4 vs 4 Forward
Center Wing Time % Phy DF OF
1 Travis Zajac David Perron 60 1 2 2
2 Nicklas Backstrom Joe Pavelski 40 1 2 2
4 vs 4 Defense
Defense Defense Time % Phy DF OF
1 Bryce Lampman Lasse Kukkonen 60 1 2 2
2 Alex Pietrangelo Jake Gardiner 40 1 2 2
Last Minutes Offensive
Center Left Wing Right Wing Defense Defense
Travis Zajac David Perron Joe Pavelski Jake Gardiner Alex Pietrangelo
Last Minutes Defensive
Center Left Wing Right Wing Defense Defense
Nik Antropov Guillaume Latendresse Joe Pavelski Bryce Lampman Drew Fata
Goaltenders
Starting : Tuukka Rask
Backup : Adam Munro
Extra Forwards
Normal : Nicklas Backstrom, Sergei Shirokov, Lee Stempniak - PP : Nicklas Backstrom, David Perron - PK : Taylor Pyatt
Extra Defensemen
Normal : Lasse Kukkonen, Drew Fata, Jake Gardiner - PP : Drew Fata - PK : Jake Gardiner, Ryan Whitney
Penalty Shots
Travis Zajac, Nik Antropov, Paul Kariya, Joe Pavelski, Nicklas Backstrom
% Time on Ice - Avalanche
Lines # - Real PCT - Wanted PCT - Time Play
Normal Forward
1 - 31% - 35% - 12:29
2 - 30% - 35% - 12:14
3 - 20% - 15% - 8:08
4 - 20% - 15% - 8:04
Normal Defense
1 - 37% - 40% - 15:06
2 - 37% - 35% - 15:08
3 - 26% - 25% - 10:41
4 - 0% - 0% - 0:00
PP Forward
1 - 56% - 60% - 5:39
2 - 44% - 40% - 4:30
PP Defense
1 - 58% - 60% - 5:54
2 - 42% - 40% - 4:15
PK Forward
1 - 73% - 60% - 5:03
2 - 27% - 40% - 1:54
PK Defense
1 - 62% - 60% - 4:19
2 - 38% - 40% - 2:38
PK3 Forward
1 - 100% - 60% - 0:58
2 - 0% - 40% - 0:00
PK3 Defense
1 - 48% - 60% - 0:28
2 - 52% - 40% - 0:30
44 Forward
1 - 100% - 60% - 1:01
2 - 0% - 40% - 0:00
44 Defense
1 - 52% - 60% - 0:32
2 - 48% - 40% - 0:29
Last Minute Offensive - 0:00
Last Minute Defensive - 0:00
Total
Forward - 60:00
Defense - 60:00
|
% Time on Ice - Blues
Lines # - Real PCT - Wanted PCT - Time Play
Normal Forward
1 - 37% - 40% - 15:02
2 - 31% - 30% - 12:30
3 - 19% - 20% - 7:56
4 - 13% - 10% - 5:27
Normal Defense
1 - 44% - 40% - 18:04
2 - 32% - 30% - 12:58
3 - 19% - 20% - 7:55
4 - 5% - 10% - 1:58
PP Forward
1 - 61% - 60% - 4:22
2 - 39% - 40% - 2:49
PP Defense
1 - 55% - 60% - 3:59
2 - 45% - 40% - 3:12
PK Forward
1 - 74% - 60% - 7:28
2 - 26% - 40% - 2:41
PK Defense
1 - 61% - 60% - 6:11
2 - 39% - 40% - 3:58
PK3 Forward
1 - 0% - 60%
2 - 0% - 40%
PK3 Defense
1 - 0% - 60%
2 - 0% - 40%
44 Forward
1 - 69% - 60% - 1:12
2 - 31% - 40% - 0:33
44 Defense
1 - 77% - 60% - 1:21
2 - 23% - 40% - 0:24
Last Minute Offensive - 0:00
Last Minute Defensive - 0:00
Total
Forward - 60:00
Defense - 60:00
|
Play by Play
1st period
0:01 of 1st period - Travis Zajac wins face-off versus Ryan Getzlaf in neutral zone.
0:10 of 1st period - Snap shot by Joe Pavelski.
0:10 of 1st period - Shot Misses the Net.
0:14 of 1st period - Snap shot by Joe Pavelski.
0:14 of 1st period - Shot Misses the Net.
0:26 of 1st period - Darren Reid is hit by Jack Johnson and loses puck.
1:42 of 1st period - Snap shot by Joe Pavelski.
1:42 of 1st period - Stopped by Jimmy Howard without a rebound.
1:43 of 1st period - Travis Zajac wins face-off versus Jason Pominville in Avalanche zone.
2:34 of 1st period - Ryan Whitney is hit by Andrew Ladd and loses puck.
2:49 of 1st period - Bryan Little is hit by Taylor Pyatt and loses puck.
3:10 of 1st period - Bryce Lampman is hit by Michal Handzus and loses puck.
4:03 of 1st period - Mikkel Boedker is hit by Joe Pavelski and loses puck.
5:18 of 1st period - Snap shot by Nik Antropov.
5:18 of 1st period - Shot Misses the Net.
5:30 of 1st period - Wrist shot by Paul Kariya.
5:30 of 1st period - Shot Blocked by Jack Johnson.
5:42 of 1st period - Slapshot by Alex Pietrangelo.
5:42 of 1st period - Deflect By Jack Johnson.
5:42 of 1st period - Stopped by Jimmy Howard with a rebound.
5:44 of 1st period - Snap shot by Tyler Arnason.
5:44 of 1st period - Stopped by Jimmy Howard with a rebound.
5:46 of 1st period - Wrist shot by Lee Stempniak.
5:46 of 1st period - Shot Misses the Net.
5:48 of 1st period - Snap shot by Drew Fata.
5:48 of 1st period - Shot Blocked by Pernell Karl Subban.
5:50 of 1st period - Snap shot by Taylor Pyatt.
5:50 of 1st period - Shot Hit the Post.
6:49 of 1st period - Snap shot by Andrew Ladd.
6:49 of 1st period - Shot Misses the Net.
7:02 of 1st period - Icing by Sergei Gonchar.
7:03 of 1st period - Bryan Little wins face-off versus Travis Zajac in Avalanche zone.
7:40 of 1st period - Snap shot by Jason Pominville.
7:40 of 1st period - Stopped by Tuukka Rask with a rebound.
8:12 of 1st period - Tim Ramholt is hit by Jake Gardiner and loses puck.
8:39 of 1st period - Bryce Lampman is hit by John-Michael Liles and loses puck.
9:01 of 1st period - Slapshot by Corey Perry.
9:01 of 1st period - Stopped by Tuukka Rask with a rebound.
9:07 of 1st period - Snap shot by Corey Perry.
9:07 of 1st period - Stopped by Tuukka Rask without a rebound.
9:08 of 1st period - Nicklas Backstrom wins face-off versus Bryan Little in Blues zone.
9:22 of 1st period - Off-side.
9:23 of 1st period - Ryan Getzlaf wins face-off versus Travis Zajac in neutral zone.
9:37 of 1st period - Off-side.
9:38 of 1st period - Bryan Little wins face-off versus Nicklas Backstrom in neutral zone.
10:04 of 1st period - Joe Pavelski is hit by Ryan Getzlaf and loses puck.
10:15 of 1st period - Penalty Shot by Drew Fata for Blues.
10:15 of 1st period - Wrist shot by Drew Fata.
10:15 of 1st period - Stopped by Jimmy Howard.
10:16 of 1st period - Michal Handzus wins face-off versus Nicklas Backstrom in Blues zone.
10:24 of 1st period - Snap shot by Michal Handzus.
10:24 of 1st period - Stopped by Tuukka Rask with a rebound.
10:26 of 1st period - Slapshot by Tim Ramholt.
10:26 of 1st period - Deflect By Brandon Yip.
10:26 of 1st period - Stopped by Tuukka Rask with a rebound.
10:28 of 1st period - Snap shot by Andrew Ladd.
10:28 of 1st period - Shot Misses the Net.
10:30 of 1st period - Slapshot by Michal Handzus.
10:30 of 1st period - Stopped by Tuukka Rask with a rebound.
11:13 of 1st period - Jake Gardiner is hit by Jason Pominville and loses puck.
11:26 of 1st period - Shane O'Brien is hit by Jake Gardiner.
11:47 of 1st period - Off-side.
11:48 of 1st period - Nicklas Backstrom wins face-off versus Ryan Getzlaf in neutral zone.
11:59 of 1st period - Snap shot by Corey Perry.
11:59 of 1st period - Stopped by Tuukka Rask with a rebound.
12:09 of 1st period - Minor Penalty to Alex Pietrangelo for Tripping.
12:10 of 1st period - Ryan Getzlaf wins face-off versus Nik Antropov in Blues zone.
13:20 of 1st period - Jake Gardiner is hit by Ryan Getzlaf and loses puck.
13:49 of 1st period - Jack Johnson is hit by Guillaume Latendresse and loses puck.
14:09 of 1st period - Penalty to Alex Pietrangelo is over, Alex Pietrangelo is back on ice.
15:26 of 1st period - Ryan Getzlaf is hit by Alex Pietrangelo and loses puck.
15:33 of 1st period - Taylor Pyatt is hit by Corey Perry and loses puck.
16:27 of 1st period - Slapshot by Nicklas Backstrom.
16:27 of 1st period - Shot Hit the Post.
16:29 of 1st period - Slapshot by Drew Fata.
16:29 of 1st period - Shot Blocked by Ryan Smyth.
16:31 of 1st period - Slapshot by Jake Gardiner.
16:31 of 1st period - Stopped by Jimmy Howard with a rebound.
16:33 of 1st period - Slapshot by Darren Reid.
16:33 of 1st period - Goal by Darren Reid - Avalanche : 0 - Blues : 1.
16:34 of 1st period - Bryan Little wins face-off versus Travis Zajac in neutral zone.
16:45 of 1st period - Snap shot by Bryan Little.
16:45 of 1st period - Stopped by Tuukka Rask with a rebound.
16:59 of 1st period - Corey Perry is hit by Darren Reid and loses puck.
17:06 of 1st period - Wrist shot by Nicklas Backstrom.
17:06 of 1st period - Shot Misses the Net.
17:08 of 1st period - Snap shot by Bryce Lampman.
17:08 of 1st period - Shot Hit the Post.
17:10 of 1st period - Slapshot by Darren Reid.
17:10 of 1st period - Stopped by Jimmy Howard without a rebound.
17:11 of 1st period - Bryan Little wins face-off versus Joe Pavelski in Avalanche zone.
17:13 of 1st period - Minor Penalty to Bryan Little for Delaying the game.
17:14 of 1st period - Travis Zajac wins face-off versus Mike Comrie in Avalanche zone.
17:24 of 1st period - Snap shot by Joe Pavelski.
17:24 of 1st period - Stopped by Jimmy Howard without a rebound.
17:25 of 1st period - Travis Zajac wins face-off versus Mike Comrie in Avalanche zone.
17:26 of 1st period - Slapshot by David Perron.
17:26 of 1st period - Shot Misses the Net.
17:52 of 1st period - Paul Kariya is hit by Mike Comrie.
19:13 of 1st period - Penalty to Bryan Little is over, Bryan Little is back on ice.
19:20 of 1st period - Travis Zajac is hit by Ryan Smyth and loses puck.
19:48 of 1st period - Sergei Gonchar is hit by Tyler Arnason and loses puck.
Goals for this period are 0 for Avalanche vs 1 for Blues.
Shots for this period are 8 for Avalanche vs 7 for Blues.
2nd period
0:01 of 2nd period - Ryan Getzlaf wins face-off versus Travis Zajac in neutral zone.
0:07 of 2nd period - Minor Penalty to Travis Zajac for Hooking.
0:08 of 2nd period - Ryan Getzlaf wins face-off versus Taylor Pyatt in Blues zone.
0:09 of 2nd period - Wrist shot by Corey Perry.
0:09 of 2nd period - Stopped by Tuukka Rask without a rebound.
0:10 of 2nd period - Nik Antropov wins face-off versus Ryan Getzlaf in Blues zone.
0:21 of 2nd period - Taylor Pyatt is hit by Andrei Kostitsyn and loses puck.
1:19 of 2nd period - Snap shot by Alex Pietrangelo.
1:19 of 2nd period - Goal by Alex Pietrangelo - Avalanche : 0 - Blues : 2.
1:20 of 2nd period - Bryan Little wins face-off versus Nik Antropov in neutral zone.
2:07 of 2nd period - Penalty to Travis Zajac is over, Travis Zajac is back on ice.
2:39 of 2nd period - Snap shot by Joe Pavelski.
2:39 of 2nd period - Shot Misses the Net.
2:41 of 2nd period - Wrist shot by Joe Pavelski.
2:41 of 2nd period - Stopped by Jimmy Howard without a rebound.
2:42 of 2nd period - Mike Comrie wins face-off versus Travis Zajac in Avalanche zone.
2:57 of 2nd period - Slapshot by Drew Fata.
2:57 of 2nd period - Stopped by Jimmy Howard without a rebound.
2:58 of 2nd period - Nicklas Backstrom wins face-off versus Ryan Getzlaf in Avalanche zone.
2:59 of 2nd period - Snap shot by Guillaume Latendresse.
2:59 of 2nd period - Shot Misses the Net.
3:07 of 2nd period - Snap shot by Ryan Getzlaf.
3:07 of 2nd period - Goal by Ryan Getzlaf - Avalanche : 1 - Blues : 2.
3:08 of 2nd period - Travis Zajac wins face-off versus Bryan Little in neutral zone.
3:20 of 2nd period - Snap shot by Jason Pominville.
3:20 of 2nd period - Shot Blocked by Travis Zajac.
3:22 of 2nd period - Snap shot by Jason Pominville.
3:22 of 2nd period - Shot Misses the Net.
3:24 of 2nd period - Wrist shot by Jason Pominville.
3:24 of 2nd period - Stopped by Tuukka Rask with a rebound.
3:37 of 2nd period - Off-side.
3:38 of 2nd period - Nicklas Backstrom wins face-off versus Ryan Getzlaf in neutral zone.
3:53 of 2nd period - Wrist shot by Nicklas Backstrom.
3:53 of 2nd period - Shot Misses the Net.
3:55 of 2nd period - Slapshot by Drew Fata.
3:55 of 2nd period - Stopped by Jimmy Howard with a rebound.
3:57 of 2nd period - Wrist shot by Guillaume Latendresse.
3:57 of 2nd period - Goal by Guillaume Latendresse - Avalanche : 1 - Blues : 3.
3:58 of 2nd period - Travis Zajac wins face-off versus Jason Pominville in neutral zone.
4:05 of 2nd period - Wrist shot by David Perron.
4:05 of 2nd period - Stopped by Jimmy Howard with a rebound.
4:07 of 2nd period - Minor Penalty to Jason Pominville for High sticking.
4:08 of 2nd period - Travis Zajac wins face-off versus Mike Comrie in Avalanche zone.
4:19 of 2nd period - Jack Johnson is hit by Joe Pavelski and loses puck.
5:09 of 2nd period - Wrist shot by Alex Pietrangelo.
5:09 of 2nd period - Shot Blocked by Pernell Karl Subban.
5:11 of 2nd period - Slapshot by Jake Gardiner.
5:11 of 2nd period - Shot Blocked by Andrew Ladd.
5:13 of 2nd period - Slapshot by Alex Pietrangelo.
5:13 of 2nd period - Deflect By Joe Pavelski.
5:13 of 2nd period - Stopped by Jimmy Howard without a rebound.
5:14 of 2nd period - Mike Comrie wins face-off versus Nicklas Backstrom in Avalanche zone.
6:07 of 2nd period - Penalty to Jason Pominville is over, Jason Pominville is back on ice.
6:37 of 2nd period - Bryce Lampman is hit by Ryan Getzlaf and loses puck.
6:49 of 2nd period - Icing by Ryan Getzlaf.
6:50 of 2nd period - Bryan Little wins face-off versus Nicklas Backstrom in Avalanche zone.
6:50 of 2nd period - Bryan Little is hit by Lasse Kukkonen.
7:02 of 2nd period - Minor Penalty to Nicklas Backstrom for Holding.
7:03 of 2nd period - Ryan Getzlaf wins face-off versus Nik Antropov in Blues zone.
7:16 of 2nd period - Minor Penalty to Corey Perry for Tripping.
7:17 of 2nd period - Ryan Getzlaf wins face-off versus Travis Zajac in Avalanche zone.
7:32 of 2nd period - Jack Johnson is hit by Travis Zajac and loses puck.
8:17 of 2nd period - Minor Penalty to Ryan Getzlaf for Holding.
8:18 of 2nd period - Travis Zajac wins face-off versus Mikkel Boedker in Avalanche zone.
9:02 of 2nd period - Penalty to Nicklas Backstrom is over, Nicklas Backstrom is back on ice.
9:16 of 2nd period - Penalty to Corey Perry is over, Corey Perry is back on ice.
9:21 of 2nd period - Snap shot by Nicklas Backstrom.
9:21 of 2nd period - Shot Blocked by Tim Ramholt.
9:33 of 2nd period - Snap shot by Mikkel Boedker.
9:33 of 2nd period - Stopped by Tuukka Rask without a rebound.
9:34 of 2nd period - Nicklas Backstrom wins face-off versus Mike Comrie in Blues zone.
10:09 of 2nd period - Wrist shot by Nik Antropov.
10:09 of 2nd period - Goal by Nik Antropov - Avalanche : 1 - Blues : 4.
10:09 of 2nd period - Semyon Varlamov enters game.
10:10 of 2nd period - Nik Antropov wins face-off versus Ryan Getzlaf in neutral zone.
10:20 of 2nd period - Andrei Kostitsyn is hit by Bryce Lampman and loses puck.
11:03 of 2nd period - Slapshot by Jack Johnson.
11:03 of 2nd period - Shot Misses the Net.
11:05 of 2nd period - Snap shot by Michal Handzus.
11:05 of 2nd period - Stopped by Tuukka Rask with a rebound.
11:11 of 2nd period - Wrist shot by Michal Handzus.
11:11 of 2nd period - Stopped by Tuukka Rask with a rebound.
11:17 of 2nd period - Minor Penalty to Joe Pavelski for Hooking.
11:18 of 2nd period - Nik Antropov wins face-off versus Ryan Getzlaf in Blues zone.
12:20 of 2nd period - Pernell Karl Subban is hit by Alex Pietrangelo and loses puck.
13:17 of 2nd period - Penalty to Joe Pavelski is over, Joe Pavelski is back on ice.
13:23 of 2nd period - Slapshot by Tyler Arnason.
13:23 of 2nd period - Stopped by Semyon Varlamov without a rebound.
13:24 of 2nd period - Michal Handzus wins face-off versus Travis Zajac in Avalanche zone.
14:12 of 2nd period - Off-side.
14:13 of 2nd period - Sergei Shirokov wins face-off versus Bryan Little in neutral zone.
14:26 of 2nd period - Snap shot by Jason Pominville.
14:26 of 2nd period - Shot Misses the Net.
14:28 of 2nd period - Snap shot by Shane O'Brien.
14:28 of 2nd period - Shot Blocked by Ryan Whitney.
14:34 of 2nd period - Minor Penalty to Nik Antropov for High sticking.
14:35 of 2nd period - Nicklas Backstrom wins face-off versus Ryan Getzlaf in Blues zone.
14:48 of 2nd period - Bryce Lampman is hit by Ryan Getzlaf and loses puck.
15:32 of 2nd period - Icing by Ryan Smyth.
15:33 of 2nd period - Travis Zajac wins face-off versus Bryan Little in Avalanche zone.
16:34 of 2nd period - Penalty to Nik Antropov is over, Nik Antropov is back on ice.
17:22 of 2nd period - Nicklas Backstrom is hit by Shane O'Brien.
18:32 of 2nd period - Wrist shot by Guillaume Latendresse.
18:32 of 2nd period - Stopped by Semyon Varlamov without a rebound.
18:33 of 2nd period - Ryan Getzlaf wins face-off versus Nicklas Backstrom in Avalanche zone.
18:47 of 2nd period - Snap shot by Nicklas Backstrom.
18:47 of 2nd period - Shot Misses the Net.
19:01 of 2nd period - Snap shot by Andrew Ladd.
19:01 of 2nd period - Stopped by Tuukka Rask with a rebound.
19:03 of 2nd period - Wrist shot by Andrew Ladd.
19:03 of 2nd period - Stopped by Tuukka Rask without a rebound.
19:04 of 2nd period - Michal Handzus wins face-off versus Travis Zajac in Blues zone.
19:15 of 2nd period - Wrist shot by Michal Handzus.
19:15 of 2nd period - Stopped by Tuukka Rask without a rebound.
19:16 of 2nd period - Travis Zajac wins face-off versus Ryan Getzlaf in Blues zone.
19:25 of 2nd period - Snap shot by David Perron.
19:25 of 2nd period - Shot Blocked by Ryan Getzlaf.
19:27 of 2nd period - Snap shot by Travis Zajac.
19:27 of 2nd period - Stopped by Semyon Varlamov with a rebound.
19:29 of 2nd period - Snap shot by David Perron.
19:29 of 2nd period - Stopped by Semyon Varlamov without a rebound.
19:30 of 2nd period - Bryan Little wins face-off versus David Perron in Avalanche zone.
19:59 of 2nd period - Snap shot by Nicklas Backstrom.
19:59 of 2nd period - Stopped by Semyon Varlamov with a rebound.
Goals for this period are 1 for Avalanche vs 3 for Blues.
Shots for this period are 9 for Avalanche vs 13 for Blues.
3rd period
0:01 of 3rd period - Corey Perry wins face-off versus Travis Zajac in neutral zone.
0:04 of 3rd period - Travis Zajac is hit by Ryan Getzlaf and loses puck.
0:11 of 3rd period - Snap shot by Andrei Kostitsyn.
0:11 of 3rd period - Shot Misses the Net.
0:13 of 3rd period - Slapshot by Corey Perry.
0:13 of 3rd period - Stopped by Tuukka Rask with a rebound.
0:15 of 3rd period - Snap shot by Ryan Getzlaf.
0:15 of 3rd period - Shot Misses the Net.
0:29 of 3rd period - Wrist shot by Bryan Little.
0:29 of 3rd period - Shot Misses the Net.
1:30 of 3rd period - Chuck Kobasew is hit by Lasse Kukkonen and loses puck.
1:57 of 3rd period - Slapshot by Sergei Gonchar.
1:57 of 3rd period - Deflect By Corey Perry.
1:57 of 3rd period - Deflect By Drew Fata.
1:57 of 3rd period - Shot Misses the Net.
1:57 of 3rd period - Puck is out of play.
1:58 of 3rd period - Travis Zajac wins face-off versus Ryan Getzlaf in Blues zone.
2:26 of 3rd period - Minor Penalty to Jason Pominville for Hooking.
2:27 of 3rd period - Travis Zajac wins face-off versus Mike Comrie in Avalanche zone.
2:30 of 3rd period - Snap shot by David Perron.
2:30 of 3rd period - Shot Misses the Net.
2:32 of 3rd period - Snap shot by David Perron.
2:32 of 3rd period - Blues goal is going for a video replay.
2:32 of 3rd period - The goal is good.
2:32 of 3rd period - Goal by David Perron - Avalanche : 1 - Blues : 5.
2:33 of 3rd period - Travis Zajac wins face-off versus Bryan Little in neutral zone.
3:40 of 3rd period - Shane O'Brien is hit by Bryce Lampman.
3:46 of 3rd period - Snap shot by Mike Comrie.
3:46 of 3rd period - Stopped by Tuukka Rask with a rebound.
4:05 of 3rd period - Ryan Whitney is hit by Tim Ramholt.
5:08 of 3rd period - Michal Handzus is hit by Drew Fata and loses puck.
6:46 of 3rd period - Wrist shot by Guillaume Latendresse.
6:46 of 3rd period - Deflect By Nicklas Backstrom.
6:46 of 3rd period - Stopped by Semyon Varlamov without a rebound.
6:47 of 3rd period - Bryan Little wins face-off versus Travis Zajac in Avalanche zone.
6:56 of 3rd period - Wrist shot by Joe Pavelski.
6:56 of 3rd period - Stopped by Semyon Varlamov with a rebound.
7:17 of 3rd period - Snap shot by Nik Antropov.
7:17 of 3rd period - Shot Misses the Net.
7:39 of 3rd period - Slapshot by Alex Pietrangelo.
7:39 of 3rd period - Stopped by Semyon Varlamov without a rebound.
7:40 of 3rd period - Bryan Little wins face-off versus Travis Zajac in Avalanche zone.
7:57 of 3rd period - Snap shot by David Perron.
7:57 of 3rd period - Stopped by Semyon Varlamov with a rebound.
8:07 of 3rd period - Sergei Shirokov is hit by Ryan Getzlaf and loses puck.
8:12 of 3rd period - Snap shot by Corey Perry.
8:12 of 3rd period - Stopped by Tuukka Rask without a rebound.
8:13 of 3rd period - Nik Antropov wins face-off versus Ryan Getzlaf in Blues zone.
8:48 of 3rd period - Wrist shot by Jason Pominville.
8:48 of 3rd period - Goal by Jason Pominville - Avalanche : 2 - Blues : 5.
8:49 of 3rd period - Ryan Getzlaf wins face-off versus Travis Zajac in neutral zone.
9:20 of 3rd period - Wrist shot by Bryan Little.
9:20 of 3rd period - Stopped by Tuukka Rask with a rebound.
9:22 of 3rd period - Slapshot by Jack Johnson.
9:22 of 3rd period - Shot Blocked by Alex Pietrangelo.
9:24 of 3rd period - Slapshot by Pernell Karl Subban.
9:24 of 3rd period - Stopped by Tuukka Rask with a rebound.
9:26 of 3rd period - Slapshot by Jack Johnson.
9:26 of 3rd period - Deflect By Darren Reid.
9:26 of 3rd period - Stopped by Tuukka Rask without a rebound.
9:27 of 3rd period - Jason Pominville wins face-off versus Travis Zajac in Blues zone.
9:30 of 3rd period - Snap shot by Jason Pominville.
9:30 of 3rd period - Stopped by Tuukka Rask without a rebound.
9:31 of 3rd period - Bryan Little wins face-off versus Travis Zajac in Blues zone.
9:41 of 3rd period - Minor Penalty to Bryan Little for Hooking.
9:42 of 3rd period - Travis Zajac wins face-off versus Mike Comrie in Avalanche zone.
9:44 of 3rd period - Snap shot by Alex Pietrangelo.
9:44 of 3rd period - Shot Misses the Net.
10:22 of 3rd period - Michal Handzus is hit by Darren Reid and loses puck.
11:41 of 3rd period - Penalty to Bryan Little is over, Bryan Little is back on ice.
11:44 of 3rd period - Snap shot by Guillaume Latendresse.
11:44 of 3rd period - Stopped by Semyon Varlamov without a rebound.
11:45 of 3rd period - Nik Antropov wins face-off versus Bryan Little in Avalanche zone.
12:12 of 3rd period - Andrei Kostitsyn is hit by Lee Stempniak and loses puck.
12:26 of 3rd period - Off-side.
12:27 of 3rd period - Michal Handzus wins face-off versus Travis Zajac in neutral zone.
12:27 of 3rd period - Jack Johnson is hit by Travis Zajac and loses puck.
13:28 of 3rd period - Minor Penalty to Alex Pietrangelo for Tripping.
13:29 of 3rd period - Ryan Getzlaf wins face-off versus Nik Antropov in Blues zone.
13:40 of 3rd period - Snap shot by Corey Perry.
13:40 of 3rd period - Shot Misses the Net.
13:42 of 3rd period - Wrist shot by Ryan Getzlaf.
13:42 of 3rd period - Shot Hit the Post.
13:44 of 3rd period - Slapshot by John-Michael Liles.
13:44 of 3rd period - Stopped by Tuukka Rask with a rebound.
14:02 of 3rd period - Wrist shot by Jason Pominville.
14:02 of 3rd period - Stopped by Tuukka Rask with a rebound.
14:21 of 3rd period - Icing by Corey Perry.
14:22 of 3rd period - Ryan Getzlaf wins face-off versus Nik Antropov in Avalanche zone.
14:22 of 3rd period - Ryan Getzlaf is hit by Taylor Pyatt.
14:41 of 3rd period - Off-side.
14:42 of 3rd period - Bryan Little wins face-off versus Nik Antropov in neutral zone.
15:28 of 3rd period - Penalty to Alex Pietrangelo is over, Alex Pietrangelo is back on ice.
15:35 of 3rd period - Travis Zajac is hit by Pernell Karl Subban and loses puck.
15:54 of 3rd period - Snap shot by Guillaume Latendresse.
15:54 of 3rd period - Stopped by Semyon Varlamov with a rebound.
16:34 of 3rd period - Lee Stempniak is hit by Jason Pominville and loses puck.
16:47 of 3rd period - Slapshot by Jack Johnson.
16:47 of 3rd period - Stopped by Tuukka Rask without a rebound.
16:48 of 3rd period - Mike Comrie wins face-off versus Travis Zajac in Blues zone.
17:23 of 3rd period - Slapshot by Travis Zajac.
17:23 of 3rd period - Stopped by Semyon Varlamov without a rebound.
17:24 of 3rd period - Nicklas Backstrom wins face-off versus Ryan Getzlaf in Avalanche zone.
17:33 of 3rd period - Snap shot by Nicklas Backstrom.
17:33 of 3rd period - Shot Misses the Net.
17:57 of 3rd period - Wrist shot by Paul Kariya.
17:57 of 3rd period - Shot Blocked by Bryan Little.
17:59 of 3rd period - Snap shot by Paul Kariya.
17:59 of 3rd period - Shot Misses the Net.
18:01 of 3rd period - Slapshot by Ryan Whitney.
18:01 of 3rd period - Shot Blocked by Pernell Karl Subban.
18:15 of 3rd period - Slapshot by Tyler Arnason.
18:15 of 3rd period - Shot Misses the Net.
18:44 of 3rd period - Icing by Alex Pietrangelo.
18:45 of 3rd period - David Perron wins face-off versus Bryan Little in Blues zone.
19:00 of 3rd period - Snap shot by Jason Pominville.
19:00 of 3rd period - Shot Misses the Net.
19:20 of 3rd period - Slapshot by Alex Pietrangelo.
19:20 of 3rd period - Stopped by Semyon Varlamov with a rebound.
19:22 of 3rd period - Snap shot by Bryce Lampman.
19:22 of 3rd period - Shot Misses the Net.
19:24 of 3rd period - Snap shot by Darren Reid.
19:24 of 3rd period - Shot Misses the Net.
19:36 of 3rd period - Drew Fata is hit by John-Michael Liles and loses puck.
19:47 of 3rd period - Slapshot by Ryan Whitney.
19:47 of 3rd period - Shot Blocked by Tim Ramholt.
19:59 of 3rd period - Snap shot by Nik Antropov.
19:59 of 3rd period - Deflect By Sergei Shirokov.
19:59 of 3rd period - Stopped by Semyon Varlamov without a rebound.
Goals for this period are 1 for Avalanche vs 1 for Blues.
Shots for this period are 11 for Avalanche vs 10 for Blues.
Back to the Top